 Dungeon Crawl Stone Soup version 0.26-a0-639-g72c4674329 (webtiles) character file.

Game seed: 8161258503713959090

89 DogServant the Digger (level 4, -8/24 HPs)
             Began as a Gargoyle Earth Elementalist on Sept 19, 2020.
             Mangled by an ice beast (9 damage)
             ... on level 5 of the Dungeon.
             The game lasted 00:04:05 (2267 turns).

DogServant the Digger (Gargoyle Earth Elementalist) Turns: 2267, Time: 00:04:05

Health: -8/24      AC:  5    Str: 12    XL:     4   Next: 55%
Magic:  2/8        EV: 12    Int: 16    God:
Gold:   50         SH:  0    Dex: 10    Spells: 5/9 levels left

rFire    . . .     SeeInvis .   h - +1 short sword (flame)
rCold    . . .     Faith    .   (no shield)
rNeg     + . .     Spirit   .   c - +0 robe
rPois    ∞         Reflect  .   (no helmet)
rElec    +         Harm     .   j - scarf {+Inv}
rCorr    .         Rampage  .   (no gloves)
MR       .....                  (no boots)
Stlth    ++........             (no amulet)
HPRegen  0.08/turn              (no ring)
MPRegen  0.11/turn              (no ring)

@: no status effects
A: negative energy resistance 1, electricity resistance, unbreathing,
petrification resistance, rot immunity, AC +3
a: Evoke Invisibility


You were on level 5 of the Dungeon.
You visited 1 branch of the dungeon, and saw 5 of its levels.

You collected 50 gold pieces.

Inventory:

Hand Weapons
 h - a +1 short sword of flaming (weapon)
Missiles
 b - 108 stones (quivered)
Armour
 c - a +0 robe (worn)
 g - a +0 leather armour
 i - a +0 cloak
 j - a scarf of invisibility (worn)
Scrolls
 a - a scroll of amnesia
 d - a scroll of remove curse
 e - 2 scrolls of identify
 m - a scroll of noise {unknown}
Potions
 f - a potion of ambrosia
 k - a potion of degeneration {unknown}
 l - a potion of brilliance {unknown}
 n - a potion of might {unknown}
 o - a potion of mutation {unknown}
 p - a potion of heal wounds {unknown}


   Skills:
 - Level 1.5 Dodging
 - Level 2.1 Stealth
 + Level 3.1 Spellcasting
 + Level 1.5 Conjurations
   Level 0.7 Transmutations
 + Level 4.8 Earth Magic
 + Level 0.2 Evocations


You had 5 spell levels left.
You knew the following spells:

 Your Spells              Type           Power        Failure   Level
a - Sandblast             Erth           ###...       2%          1
b - Stone Arrow           Conj/Erth      ##....       14%         3

Your spell library contained the following spells:

 Spells                   Type           Power        Failure   Level
 Passwall                 Tmut/Erth      ##......     9%          2
 Petrify                  Tmut/Erth      ##......     52%         4
 Lee's Rapid Deconstruct  Erth           ###.......   56%         5


Dungeon Overview and Level Annotations

Branches:
Dungeon (6/15)
 Temple: D:4-7

Altars:


Innate Abilities, Weirdness & Mutations

You are resistant to torment.
Your stone body is resilient. (AC +3)
You are immune to poison.
You resist negative energy. (rN+)
You are resistant to electric shocks. (rElec)
You can survive without breathing.
You are immune to petrification.
You are immune to rotting.


Message History

Confirm with . or Enter, or press ? or * to list all spells.
Aiming: Sandblast (safe; 2% risk of failure)
Press: ? - help, Shift-Dir - straight line, f/p - ice beast
Aim: an ice beast (heavily wounded)
The blast of sand hits the ice beast but does no damage.
The ice beast is heavily wounded.
b - 109 stones The ice beast barely misses you.
Casting: Sandblast (safe; 2% risk of failure)
Confirm with . or Enter, or press ? or * to list all spells.
Aiming: Sandblast (safe; 2% risk of failure)
Press: ? - help, Shift-Dir - straight line, f/p - ice beast
Aim: an ice beast (heavily wounded)
The blast of sand hits the ice beast.
The ice beast is severely wounded.
b - 108 stones The ice beast hits you.
* * * LOW HITPOINT WARNING * * *
The ice beast freezes you!
You die...

#. #....#
#.##....#
#.....#.#
#.......#
#....>#
#.....#
##.ar##
##Y## #@#
#.# #.#
#.# ..#
###


You could see an ice beast, a worker ant and a quokka.

Vanquished Creatures
  A howler monkey (D:2)
  An adder (D:2)
  4 worms
  A dart slug (D:1)
  A leopard gecko (D:2)
  2 giant cockroaches (D:2)
  3 goblins
  6 hobgoblins
  2 bats (D:1)
  3 frilled lizards (D:1)
  2 kobolds
  3 rats
29 creatures vanquished.

Vanquished Creatures (others)
  2 plants (D:3)
2 creatures vanquished.

Grand Total: 31 creatures vanquished

Notes
Turn   | Place    | Note
-------+----------+-------------------------------------------
     0 | D:1      | DogServant the Gargoyle Earth Elementalist began the quest
                  | for the Orb.
     0 | D:1      | Reached XP level 1. HP: 10/10 MP: 3/3
   274 | D:1      | Reached skill level 4 in Earth Magic
   274 | D:1      | Reached XP level 2. HP: 15/15 MP: 1/5
  1085 | D:2      | Reached XP level 3. HP: 18/19 MP: 3/6
  1092 | D:2      | Learned a level 3 spell: Stone Arrow
  1551 | D:2      | Reached skill level 1 in Conjurations
  1551 | D:2      | Reached XP level 4. HP: 22/24 MP: 2/8
  2044 | D:2      | Found a faded altar of an unknown god.
  2249 | D:3      | You fall into a shaft and drop 3 floors!
  2257 | D:5      | Entered Level 5 of the Dungeon
  2257 | D:5      | Noticed an ice beast
  2267 | D:5      | HP: 1/24 [ice beast (3)]
  2267 | D:5      | Mangled by an ice beast

Illustrated notes

Levels and vault maps discovered:
D:1:      dpeg_arrival_water_temple_mockup, layout_basic, amethyst_killhole
D:2:      layout_basic, chequers_ecumenical_altar_lobes
D:3:      layout_loops_ring, overflow_temple_1_default, serial_forest,
          infiniplex_forest_end_double, infiniplex_forest_clump_medium,
          infiniplex_forest_zigzag_1, infiniplex_forest_clump_double,
          infiniplex_forest_clump_large, infiniplex_forest_corner_1,
          infiniplex_forest_clump_large, uniq_natasha, uniq_grinder
D:5:      layout_loops_cross, gammafunk_temple_overflow_wave, dk_xom_monty_hall
D:6:      layout_basic, gammafunk_temple_overflow_statue

Skill      XL: |  1  2  3 |
---------------+----------+-----
Earth Magic    | 4 |  4.8
Spellcasting   | 3 |  3.1
Conjurations   | 1 |  1.5
Dodging        | |  1.5
Stealth        | |  2.1
Transmutations | |  0.7
Evocations     | |  0.2

Action                   |  1- 3 |  4- 6 || total
-------------------------+-------+-------++-------
Melee: Unarmed           |    13 |       ||    13
       Short sword       |     6 |       ||     6
 Cast: Sandblast         |    33 |    18 ||    51
  Use: Scroll            |     5 |       ||     5
 Stab: Sleeping          |     1 |       ||     1
Armor: Robe              |    18 |     1 ||    19
Dodge: Dodged            |    30 |     1 ||    31

Table legend: (Time is in decaauts)
 A = Elapsed time spent in this place.
 B = Non-inter-level travel time spent in this place.
 C = Inter-level travel time spent in this place.
 D = Time resting spent in this place.
 E = Time spent auto-exploring this place.
 F = Levels seen in this place.
 G = Mean time per level.
                   A        B        C        D        E       F      G
               +--------+--------+--------+--------+--------+-----+--------+
         Total |   2266 |   2179 |     87 |    150 |   1795 |   5 |  453.2 |
       Dungeon |   2266 |   2179 |     87 |    150 |   1795 |   5 |  453.2 |
               +--------+--------+--------+--------+--------+-----+--------+

Top non-repeatable levels by time:
     D:2: 1331 daAuts
     D:1: 862 daAuts
     D:3: 54 daAuts
     D:5: 9 daAuts
     D:6: 7 daAuts
